 Dungeon Crawl Stone Soup version 0.31-a0-198-g2ad674f65e (webtiles) character file.

Game seed: 17448286897956092611

105 qw the Skirmisher (level 4, -2/25 HPs)
             Began as a Deep Elf Hunter on June 25, 2023.
             Slain by a gnoll
             ... wielding a +0 halberd
              (5 damage)
             ... on level 3 of the Dungeon.
             The game lasted 00:00:41 (1987 turns).

qw the Skirmisher (Deep Elf Hunter)                 Turns: 1987, Time: 00:00:41

Health: -2/25      AC:  6    Str: 10    XL:     4   Next: 53%
Magic:  6/6        EV: 11    Int: 14    God:
Gold:   46         SH:  0    Dex: 18    Spells: 3/3 levels left

rFire   . . .        Y - +0 shortbow
rCold   . . .        (shield currently unavailable)
rNeg    . . .        g - +0 ring mail
rPois   .            (no helmet)
rElec   .            d - +0 cloak
rCorr   .            (no gloves)
SInv    .            (no boots)
Will    .....        (no amulet)
Stlth   +            (no ring)
HPRegen 0.24/turn    (no ring)
MPRegen 0.10/turn

%: no passive effects
@: no status effects
A: no striking features
a: no special abilities


You were on level 3 of the Dungeon.
You visited 1 branch of the dungeon, and saw 3 of its levels.

You collected 46 gold pieces.


   Skills:
 - Level 1.5 Fighting
 + Level 8.0 Ranged Weapons
 - Level 2.4 Dodging
 - Level 1.2 Stealth


You had 3 spell levels left.
You didn't know any spells.
Your spell library was empty.

Inventory:

Hand Weapons
 Y - a +0 shortbow (weapon)
Armour
 d - a +0 cloak (worn)
 g - a +0 ring mail (worn)
Jewellery
 b - a ring of poison resistance
Scrolls
 a - 3 scrolls of identify
 e - a scroll of blinking {unknown}
 h - a scroll of enchant weapon {unknown}
Potions
 c - a potion of mutation {unknown}
 f - a potion of curing

Dungeon Overview and Level Annotations

Branches:
Dungeon (3/15)

Altars:
Ashenzari

Shops:
D:2 (


Message History

Enter note:
Enter note:
Enter note:
Enter note:
Enter note: You shoot an arrow.
The arrow hits the gnoll but does no damage.
You shoot an arrow.
The arrow hits the gnoll but does no damage.
The gnoll hits you from afar with a +3 spear!
You shoot an arrow. The arrow closely misses the gnoll.
A gnoll comes into view. It is wielding a +0 halberd.
The gnoll barely misses you.
You shoot an arrow. The arrow hits the gnoll.
The gnoll is moderately wounded.
The gnoll hits you from afar with a +3 spear.
You shoot an arrow. The arrow hits the gnoll.
The gnoll is severely wounded.
The gnoll hits you from afar with a +3 spear.
You shoot an arrow.
The arrow hits the gnoll but does no damage.
The gnoll is severely wounded.
The gnoll hits you from afar with a +3 spear.
You shoot an arrow. The arrow hits the gnoll!
You kill the gnoll!
The gnoll barely misses you.
Your Ranged Weapons skill increases to level 8!
You shoot an arrow. The arrow hits the gnoll!
The gnoll is heavily wounded.
A gnoll comes into view. It is wielding a +0 flail.
The gnoll barely misses you.
You shoot an arrow. The gnoll shouts!
The arrow hits the gnoll but does no damage.
The gnoll is heavily wounded.
The gnoll closely misses you.
You shoot an arrow. The arrow hits the gnoll.
The gnoll is almost dead.
The gnoll hits you from afar with a +0 halberd.
You die...

#.# ##.#..###.......## ##.###.#
#.###.....##..%.....)####......##
...........'.........'..........#
#.###...#.##.........####...#...#
#.###..##.###.......## #..##...#
#.....>...# ##.....## #.###.)##
#####.##### ##...## #.###..# #.#
##'## #......# #.# #@# #####.##
#[# #.# #.# #.# #g# #.# ... #.#
... #.# ..g.. #.# #..#. #.#
#.....


You could see 2 gnolls.

Vanquished Creatures
  4 gnolls (D:3)
  An adder (D:2)
  A worm (D:3)
  3 dart slugs
  3 ball pythons
  3 endoplasms
  3 giant cockroaches
  5 goblins
  8 hobgoblins
  7 kobolds
  2 quokkas
  4 bats
  3 frilled lizards
  2 rats
49 creatures vanquished.

Notes
Turn   | Place    | Note
-------+----------+-------------------------------------------
     0 | D:1      | qw the Deep Elf Hunter began the quest for the Orb.
     0 | D:1      | Reached XP level 1. HP: 12/12 MP: 3/3
     0 | D:1      | 0 ||| qw: Version: 0.3-a-22-g0ed2b0b
     0 | D:1      | 0 ||| qw: Game counter: 5236
     0 | D:1      | 0 ||| qw: Melee chars always use a shield: true
     0 | D:1      | 0 ||| qw: God list: Okawaru
     0 | D:1      | 0 ||| qw: Allow faded altars: false
     0 | D:1      | 0 ||| qw: Do Orc after clearing Dungeon:15 true
     0 | D:1      | 0 ||| qw: Do second Lair branch before Depths: true
     0 | D:1      | 0 ||| qw: Lair rune preference: random
     0 | D:1      | 0 ||| qw: Goals: Normal
     0 | D:1      | 0 ||| PLANNING D:1-11
   149 | D:1      | Reached XP level 2. HP: 16/16 MP: 4/4
   156 | D:1      | Reached skill level 6 in Ranged Weapons
   191 | D:1      | You fall into a shaft and drop 1 floor!
   324 | D:2      | Found Igis Lau's Antique Weapon Shoppe.
   378 | D:2      | 378 ||| UPGRADING to +0 cloak.
   383 | D:2      | 383 ||| UPGRADING to +0 ring mail.
   393 | D:2      | 393 ||| DROPPING +0 leather armour.
   394 | D:2      | 394 ||| READING 2 scrolls labelled XIPSUZX XISH.
   395 | D:2      | 395 ||| DROPPING scroll of butterflies.
   772 | D:1      | Reached XP level 3. HP: 20/20 MP: 5/5
  1035 | D:1      | 1035 ||| DRINKING 2 clear potions.
  1351 | D:2      | Reached skill level 7 in Ranged Weapons
  1451 | D:2      | 1451 ||| READING scroll labelled VIMOOSCH FEVOO.
  1454 | D:2      | 1454 ||| READING scroll labelled SEDERA AMIUR.
  1497 | D:3      | Found a broken altar of Ashenzari.
  1676 | D:3      | 1676 ||| FLEEEEING.
  1842 | D:3      | Reached XP level 4. HP: 25/25 MP: 6/6
  1983 | D:3      | HP: 2/25 [gnoll/+3 spear (6)]
  1985 | D:3      | Reached skill level 8 in Ranged Weapons
  1987 | D:3      | Slain by a gnoll

Levels and vault maps discovered:
D:1:      dpeg_arrival_morbid_curiosity, layout_basic, grunt_decor_junction
D:2:      layout_loops_ring, serial_shops, nicolae_shop_crystal,
          ebering_dispersal_statue_hall, nicolae_elevator_lobby_asterisk
D:3:      layout_loops_corners, mainiacjoe_overflow_brackets

Skill      XL: |  1  2  3  4 |
---------------+-------------+-----
Ranged Weapons | 6 7 8 |  8.0
Fighting       | |  1.5
Dodging        | |  2.4
Stealth        | |  1.2

Action                     |  1- 3 |  4- 6 || total
---------------------------+-------+-------++-------
   Fire: Shortbow          |   114 |    32 ||   146
    Use: Scroll            |     3 |       ||     3
         Potion            |     1 |       ||     1
 Armour: Leather armour    |     5 |       ||     5
         Ring mail         |     6 |     2 ||     8
  Dodge: Dodged            |    23 |     8 ||    31

Table legend:
 A = Non-vault XP
 B = Vault XP
 C = Vault XP percentage of total XP
 D = Non-vault monster count
 E = Vault monster count
 F = Vault count percentage of total count
                 A         B        C        D         E       F
            +---------+---------+-------+---------+---------+-------
      Total |     140 |      10 |   6.7 |      44 |       5 |  10.2
            +---------+---------+-------+---------+---------+-------
        D:1 |      28 |      10 |  26.3 |      16 |       5 |  23.8
        D:2 |      27 |       0 |   0.0 |      10 |       0 |   0.0
        D:3 |      85 |       0 |   0.0 |      18 |       0 |   0.0
            +---------+---------+-------+---------+---------+-------
